 Dungeon Crawl Stone Soup version 0.24.0-123-gd5b16e6ec5 (webtiles) character file.

Game seed: 754935091703730042, levelgen mode: deterministic

14775 Chiseanne the Nimble (level 11, -8/45 HPs)
             Began as a Spriggan Chaos Knight on Jan 17, 2020.
             Was a Plaything of Xom.
             Shot with an arrow by a centaur warrior (20 damage)
             ... on level 13 of the Dungeon.
             The game lasted 00:36:54 (13035 turns).

Chiseanne the Nimble (Spriggan Chaos Knight)       Turns: 13035, Time: 00:36:55

Health: -8/45      AC: 12    Str: 12 (13) XL:     11   Next: 93%
Magic:  26/26      EV: 27    Int: 15      God:    Xom [..*...]
Gold:   23         SH:  2    Dex: 17      Spells: 17/31 levels left

rFire    + . .     SeeInvis +   a - +5 short sword (chaos)
rCold    + + .     Gourm    .   (shield restricted)
rNeg     + . .     Faith    .   x - +2 acid dragon scales
rPois    .         Spirit   .   H - +2 hat
rElec    .         Reflect  +   z - +0 cloak
rCorr    +         Harm     .   (gloves unavailable)
MR       +....                  (boots unavailable)
Stlth    ++........             F - amulet of Atsobla {god gift, Reflect Fragile rF+ rC++ Str+2 SH+2}
HPRegen  0.15/turn              T - ring of positive energy
MPRegen  0.20/turn              B - +2 ring of intelligence

@: very quick
A: very small, unfitting armour, see invisible, deterioration 1, herbivore,
speed 3, frail 1, mutation resistance 1, shaggy fur 1, slow metabolism 2, wild
magic 1
a: Renounce Religion


You were on level 13 of the Dungeon.
You worshipped Xom.
You were a toy of Xom.
You were not hungry.

You visited 1 branch of the dungeon, and saw 13 of its levels.

You collected 723 gold pieces.
You spent 700 gold pieces at shops.

Inventory:

Hand Weapons
 a - a +5 short sword of chaos (weapon)
 t - a +2 dagger of protection
 G - a +4 dagger
Missiles
 b - 6 curare-tipped darts
 d - 327 stones
 f - 65 bolts
 i - 19 boomerangs
 l - 151 arrows
 p - 12 atropa-tipped darts
 u - 81 poisoned darts (quivered)
 E - 32 sling bullets
 X - a throwing net
Armour
 x - +2 acid dragon scales (worn)
 y - a +1 robe of the Archmagi
 z - a +0 cloak (worn)
 H - a +2 hat (worn)
 S - a +0 troll leather armour
 V - the +1 robe "Fausia" {rPois rF+ rCorr Str-2}
   (You bought it in a shop on level 12 of the Dungeon)

   It affects your strength (-2).
   It protects you from fire.
   It protects you from poison.
   It provides partial protection from all sources of acid and corrosion.
Jewellery
 o - an uncursed amulet of faith
 B - a +2 ring of intelligence (right hand)
 F - the amulet of Atsobla (around neck) {god gift, Reflect Fragile rF+ rC++ Str+2 SH+2}
   (Xom gifted it to you on level 8 of the Dungeon)

   [amulet of reflection]

   It shields you and reflects attacks.
   It affects your strength (+2).
   It protects you from fire.
   It greatly protects you from cold.
   It will be destroyed if unequipped.
   It affects your SH (+2).
 M - an uncursed ring of ice
 T - a ring of positive energy (left hand)
 W - an uncursed ring of flight
Wands
 e - a wand of random effects (7)
 K - a wand of paralysis (8)
 N - a wand of disintegration (15)
 R - a wand of iceblast (10)
Scrolls
 s - 7 scrolls of remove curse
 w - 2 scrolls of magic mapping
 A - 2 scrolls of blinking
 C - 3 scrolls of fog
 I - 7 scrolls of teleportation
 J - 2 scrolls of amnesia
 P - a scroll of immolation
 U - a scroll of identify
Potions
 g - 3 potions of invisibility
 h - 3 potions of brilliance
 j - 6 potions of curing
 k - a potion of might
 m - 2 potions of mutation
 n - 2 potions of cancellation
 q - 2 potions of lignification
 r - 7 potions of heal wounds
 v - 2 potions of flight
 D - 2 potions of berserk rage {unknown}
 O - 3 potions of agility
 Q - a potion of ambrosia
Miscellaneous
 L - a lightning rod (2/4)
Comestibles
 c - 23 rations


   Skills:
 - Level 2.4 Fighting
 - Level 10.3 Short Blades
 - Level 1.2 Armour
 * Level 13.6 Dodging
 - Level 4.1 Stealth
 * Level 10.9 Spellcasting
 - Level 11.0 Translocations
 * Level 4.3 Air Magic
 * Level 4.7 Poison Magic


You had 17 spell levels left.
You knew the following spells:

 Your Spells              Type           Power        Failure   Level  Hunger
a - Blink                 Tloc           N/A          1%          2    None
b - Teleport Other        Tloc           ######..     1%          3    None
c - Shroud of Golubria    Chrm/Tloc      ####..       3%          2    None
d - Passage of Golubria   Tloc           N/A          2%          4    ###....
e - Mephitic Cloud        Conj/Pois/Air  ###.....     17%         3    None

Your spell library contained the following spells:

 Spells                   Type           Power        Failure   Level  Hunger
 Gell's Gravitas          Tloc           ######....   1%          3    None
 Lesser Beckoning         Tloc           ######....   1%          3    None
 Magic Dart               Conj           ##..         21%         1    None
 Sandblast                Erth           ##....       21%         1    None
 Call Imp                 Summ           ##......     28%         2    None
 Passwall                 Tmut/Erth      ##......     28%         2    None
 Slow                     Hex            ##......     28%         2    None
 Conjure Flame            Conj/Fire      ##......     47%         3    None
 Stone Arrow              Conj/Erth      ##....       47%         3    None
 Petrify                  Tmut/Erth      ##......     86%         4    ###....
 Lee's Rapid Deconstruct  Erth           ##........   99%         5    #####..


Dungeon Overview and Level Annotations

Branches:
Dungeon (13/15)            Temple (0/1) D:7            Lair (0/6) D:11
    Orc (0/2) D:11
 Vaults: D:13-14

Altars:
Cheibriados
Elyvilon
Gozag
Kikubaaqudgha
Qazlal
Ru
Vehumet
Xom
The Shining One

Shops:
D:9 (   D:12 }(*   D:13 %*

Annotations:
D:3 Natasha
D:4 3 runed translucent doors, Curus's ghost, novice MfGl


Innate Abilities, Weirdness & Mutations

You are very small and have problems with some larger weapons.
You are too small for most types of armour.
You have supernaturally acute eyesight. (SInv)
You are a herbivore.
You cover ground extremely quickly.
You need to consume almost no food.
Your body sometimes deteriorates upon taking damage.
You are frail. (-10% HP)
You are somewhat resistant to further mutation.
You are covered in fur. (AC +1)
Your spells are a little harder to cast, but a little more powerful.


Message History

The centaur is moderately wounded.
The centaur shoots an arrow.
The arrow completely misses you. The centaur closely misses you.
The centaur warrior shoots an arrow.
The arrow completely misses you.
The centaur warrior shoots an arrow.
The arrow hits you!!
Your body deteriorates!
You feel weakened.
The centaur warrior looks more healthy.
The centaur warrior shoots an arrow.
The arrow misses you.
The centaur wields a +0 shortbow.
The centaur shoots an arrow.
The arrow completely misses you.
There is a stone staircase leading up here.
The centaur warrior shoots an arrow.
The arrow hits you!
* * * LOW HITPOINT WARNING * * *
The centaur warrior shoots an arrow.
The arrow hits the centaur!
The centaur shoots an arrow.
You reflect the arrow off an invisible shield around you!
The arrow barely misses the centaur.
The arrow hits the centaur!
The centaur warrior shoots an arrow.
The arrow hits you!!
You die...
Xom chortles!

, ##.....## ,,,, , ,
#....[..# ,, ,
#.......# * ,... ,
###.(..(..# ,,
......,,.(......## ***
...... **#.......# ,,,
......####(......# ,**
......##.cc.@...(# *
........c#.....## **
*####.≈≈...##c..##
#....≈≈.zc.......)#
#.###m#...........#
*####.#..∩≈.#.........#
........#≈#...........#
..######((((#.....)...#
##.≈≈≈m<>...#.........#


You could see 2 centaur warriors and 2 centaurs.

Vanquished Creatures
  Gastronok (D:9)
  2 hydras
  3 two-headed ogres
  Pikel (D:9)
  A cyclops (D:11)
  A manticore (D:12)
  An oklob plant (D:11)
  A kobold demonologist (D:11)
  A merfolk (D:10)
  2 trolls
  2 hornets
  3 hippogriffs
  A wyvern (D:11)
  2 hungry ghosts
  Menkaure (D:4)
  A water moccasin (D:10)
  4 orc warriors
  2 ice beasts (D:10)
  3 slaves (D:9)
  4 ogres
  3 phantoms
  A necrophage (D:9)
  3 centaurs
  2 big kobolds
  A crocodile (D:9)
  Blork the orc (D:5)
  7 bullfrogs
  6 scorpions
  A water moccasin skeleton (D:6)
  11 killer bees
  12 wights
  2 centaur zombies
  5 crimson imps
  2 quasits
  4 hounds
  An orc priest (D:8)
  A bullfrog skeleton (D:7)
  4 jellies
  Crazy Yiuf (D:3)
  2 centaur skeletons
  10 orc wizards
  3 iguanas
  Natasha (twice) (D:3)
  7 worker ants
  A killer bee zombie (D:10)
  3 gnolls
  9 adders
  A shadow imp (D:6)
  An adder zombie (D:5)
  A worm (D:5)
  4 dart slugs
  9 leopard geckos
  37 orcs
  3 ball pythons
  7 giant cockroaches
  4 hobgoblins
  4 jackals
  5 quokkas
  10 bats
  10 frilled lizards
  5 goblins
  20 kobolds
  A quokka skeleton (D:9)
  7 rats
271 creatures vanquished.

Vanquished Creatures (collateral kills)
  A hydra (D:10)
  3 orc priests (D:8)
  2 orc wizards (D:8)
  An adder (D:5)
  An adder zombie (D:5)
  2 orcs (D:5)
10 creatures vanquished.

Vanquished Creatures (others)
  Maurice (D:10)
  An ogre (D:5)
  A big kobold (D:10)
  3 plants (D:11)
6 creatures vanquished.

Grand Total: 287 creatures vanquished

Notes
Turn   | Place    | Note
-------+----------+-------------------------------------------
     0 | D:1      | Chiseanne the Spriggan Chaos Knight began the quest for the
                  | Orb.
     0 | D:1      | Reached XP level 1. HP: 11/11 MP: 2/2
   121 | D:1      | XOM: harmless Air miscast
   127 | D:1      | Reached skill level 1 in Stealth
   199 | D:1      | Reached XP level 2. HP: 2/16 MP: 3/3
   361 | D:1      | XOM: 1-stop teleportation journey
   482 | D:1      | Reached skill level 4 in Dodging
   707 | D:1      | XOM: harmless Conj miscast
  1182 | D:2      | XOM: noise
  1185 | D:2      | Reached XP level 3. HP: 18/19 MP: 4/4
  1852 | D:3      | XOM: mild Erth miscast
  1914 | D:3      | XOM: 3-stop teleportation journey
  1998 | D:3      | Noticed Sigmund
  2013 | D:3      | Noticed Sigmund
  2013 | D:3      | Sigmund changed into Sigmund the bullfrog
  2049 | D:3      | Killed Sigmund the bullfrog
  2049 | D:3      | Reached skill level 5 in Dodging
  2049 | D:3      | Reached XP level 4. HP: 8/23 MP: 5/5
  2265 | D:3      | Noticed Natasha
  2268 | D:3      | XOM: smoke on damage
  2269 | D:3      | Found a snail-covered altar of Cheibriados.
  2269 | D:3      | XOM: 4-stop teleportation journey
  2395 | D:3      | Learned a level 2 spell: Blink
  2482 | D:3      | Found a runed translucent door.
  2483 | D:3      | Noticed Crazy Yiuf
  2487 | D:3      | XOM: summons friendly quasit
  2502 | D:3      | Killed Crazy Yiuf
  2502 | D:3      | Reached XP level 5. HP: 13/27 MP: 6/6
  2776 | D:3      | XOM: smoke on damage
  2779 | D:3      | Killed Natasha
  2779 | D:3      | Reached skill level 1 in Spellcasting
  2779 | D:3      | Reached skill level 1 in Translocations
  2812 | D:3      | XOM: harmless Air miscast
  2976 | D:3      | XOM: give mutations
  2976 | D:3      | Gained mutation: You are agile. (Dex +2) [Xom's grace]
  2976 | D:3      | Gained mutation: You are covered in fur. (AC +1) [Xom's
                  | grace]
  2976 | D:3      | Gained mutation: You are very agile. (Dex +4) [Xom's grace]
  2980 | D:3      | Noticed Natasha
  2983 | D:3      | XOM: stat loss: -1 Str (8/9)
  2987 | D:3      | XOM: 4-stop teleportation journey
  3286 | D:3      | Killed Natasha
  3365 | D:3      | Noticed Natasha
  3556 | D:4      | Found a radiant altar of Vehumet.
  3566 | D:4      | Reached XP level 6. HP: 32/32 MP: 9/9
  3596 | D:4      | Noticed Menkaure
  3601 | D:4      | XOM: polymorph quokka -> jackal
  3602 | D:4      | XOM: divination: detect creatures
  3607 | D:4      | XOM: divination: detect items
  3608 | D:4      | XOM: fake destruction
  3609 | D:4      | XOM: enchant monster (good)
  3614 | D:4      | Killed Menkaure
  3614 | D:4      | Reached skill level 5 in Short Blades
  3614 | D:4      | Reached skill level 6 in Dodging
  3747 | D:4      | XOM: 1-stop teleportation journey
  3754 | D:4      | XOM: divination: magic mapping
  3839 | D:4      | XOM: cast spell 'Discord'
  3841 | D:4      | Reached XP level 7. HP: 35/35 MP: 10/12
  3846 | D:4      | Found a runed translucent gate.
  3846 | D:4      | Found a runed translucent gate.
  3846 | D:4      | Found a runed translucent gate.
  3847 | D:4      | Found an opulent altar of Gozag.
  3848 | D:4      | Noticed Curus's ghost (novice MfGl)
  3881 | D:4      | XOM: polymorph gnoll -> orc
  4076 | D:4      | XOM: 5-stop teleportation journey
  4181 | D:4      | Found a sacrificial altar of Ru.
  4191 | D:4      | Found a glowing golden altar of the Shining One.
  4446 | D:5      | Entered Level 5 of the Dungeon
  4448 | D:5      | XOM: summons friendly white imp
  4453 | D:5      | Reached skill level 7 in Dodging
  4509 | D:5      | Noticed Blork the orc
  4513 | D:5      | Killed Blork the orc
  4551 | D:5      | XOM: scenery: create altars
  4581 | D:5      | XOM: destruction
  4596 | D:5      | Reached skill level 1 in Armour
  4609 | D:5      | Reached skill level 5 in Translocations
  4938 | D:5      | XOM: harmless Tloc miscast
  5032 | D:6      | XOM: silly message
  5042 | D:6      | Reached XP level 8. HP: 34/39 MP: 15/15
  5085 | D:6      | XOM: harmless Air miscast
  5132 | D:6      | XOM: silly message
  5152 | D:6      | Reached skill level 8 in Dodging
  5273 | D:6      | XOM: divination: detect creatures
  5275 | D:6      | XOM: 2-stop teleportation journey
  5330 | D:6      | Reached skill level 5 in Spellcasting
  5395 | D:6      | XOM: scenery: create altars
  5488 | D:6      | Found a white marble altar of Elyvilon.
  5499 | D:6      | XOM: scenery: 1 doors close
  5522 | D:6      | XOM: god gift: 63 gold pieces {god gift}
  5843 | D:7      | XOM: scenery: create altars
  5883 | D:7      | Found a staircase to the Ecumenical Temple.
  5989 | D:7      | XOM: divination: detect items
  6013 | D:7      | XOM: 8-stop teleportation journey
  6095 | D:7      | XOM: scenery: create altars
  6181 | D:7      | XOM: enchant monster (good)
  6282 | D:7      | XOM: divination: detect creatures
  6387 | D:7      | XOM: butterfly on damage
  6576 | D:7      | Reached skill level 9 in Dodging
  6705 | D:7      | XOM: god gift: book of Spatial Translocations {god gift}
  6711 | D:7      | Learned a level 3 spell: Teleport Other
  6714 | D:7      | Learned a level 2 spell: Shroud of Golubria
  6719 | D:7      | Learned a level 4 spell: Passage of Golubria
  6723 | D:7      | Learned a level 3 spell: Mephitic Cloud
  6972 | D:8      | Reached XP level 9. HP: 39/43 MP: 19/19
  7002 | D:8      | XOM: confuse monster(s)
  7026 | D:8      | XOM: summons 2 friendly demons
  7208 | D:8      | XOM: polymorph orc -> kobold
  7258 | D:8      | XOM: 2-stop teleportation journey
  7263 | D:8      | XOM: polymorph shadow imp -> crimson imp
  7269 | D:8      | XOM: scenery: create altars
  7290 | D:8      | XOM: harmless Ice miscast
  7515 | D:8      | XOM: scenery: create altars
  7559 | D:8      | XOM: god gift: wavering golden amulet {god gift}
  7560 | D:8      | Got a wavering golden amulet {god gift}
  7564 | D:8      | Identified the amulet of Atsobla {god gift, Reflect Fragile
                  | rF+ rC++ Str+2 SH+2} (Xom gifted it to you on level 8 of
                  | the Dungeon)
  7585 | D:8      | XOM: cast spell 'Monstrous Menagerie'
  7611 | D:8      | XOM: butterfly on damage
  7635 | D:8      | XOM: scenery: create altars
  7821 | D:8      | XOM: summons 3 hostile shadow creatures
  7822 | D:8      | Noticed a two-headed ogre
  7839 | D:8      | XOM: cloud trail
  8082 | D:8      | Reached skill level 10 in Dodging
  8137 | D:8      | XOM: give mutations
  8137 | D:8      | Gained mutation: You expend magic power (3 MP) to
                  | strengthen your wands. [Xom's grace]
  8137 | D:8      | Gained mutation: Your system is resistant to poisons.
                  | (rPois) [Xom's grace]
  8137 | D:8      | Gained mutation: You are robust. (+10% HP) [Xom's grace]
  8137 | D:8      | Gained mutation: You are resistant to electric shocks.
                  | (rElec) [Xom's grace]
  8374 | D:9      | Noticed Gastronok
  8377 | D:9      | XOM: confuse monster(s)
  8385 | D:9      | Killed Gastronok
  8385 | D:9      | Reached skill level 11 in Dodging
  8385 | D:9      | Reached XP level 10. HP: 47/51 MP: 20/23
  8541 | D:9      | Found Jol Mapu's Weapon Shop.
  8737 | D:9      | Noticed Pikel
  8758 | D:9      | XOM: divination: magic mapping
  8762 | D:9      | XOM: potion effect (brilliance)
  8764 | D:9      | Killed Pikel
  8764 | D:9      | Reached skill level 10 in Translocations
  8833 | D:9      | Found an ancient bone altar of Kikubaaqudgha.
  9355 | D:9      | XOM: mild Air miscast
  9401 | D:9      | XOM: mild Chrm miscast
  9444 | D:10     | Entered Level 10 of the Dungeon
  9447 | D:10     | Noticed Maurice
  9450 | D:10     | Found a stormy altar of Qazlal.
  9476 | D:10     | XOM: summons 1 hostile shadow creature
  9489 | D:10     | XOM: 3-stop teleportation journey
  9508 | D:10     | Killed Maurice
  9508 | D:10     | XOM: divine lightning
  9517 | D:10     | XOM: swap monsters
  9524 | D:10     | XOM: noise
  9530 | D:10     | XOM: enchant monster (bad)
  9570 | D:10     | XOM: noise
  9573 | D:10     | XOM: confusion (+ monsters)
  9813 | D:10     | Reached skill level 12 in Dodging
 10191 | D:10     | XOM: harmless Hex miscast
 10218 | D:10     | XOM: mild Summ miscast
 10258 | D:10     | XOM: give mutations
 10258 | D:10     | Lost mutation: You are resistant to electric shocks.
                  | (rElec) [Xom's mischief]
 10258 | D:10     | Lost mutation: Your system is resistant to poisons. (rPois)
                  | [Xom's mischief]
 10435 | D:11     | XOM: confusion (+ monsters)
 10441 | D:11     | XOM: swap monsters
 10462 | D:11     | XOM: swap monsters
 10482 | D:11     | Found a staircase to the Lair.
 10482 | D:11     | Found a staircase to the Orcish Mines.
 10482 | D:11     | XOM: 8-stop teleportation journey
 10483 | D:11     | Noticed an oklob plant
 10484 | D:11     | XOM: smoke on damage
 10486 | D:11     | Killed an oklob plant
 10486 | D:11     | Reached skill level 10 in Short Blades
 10486 | D:11     | Reached skill level 1 in Air Magic
 10486 | D:11     | Reached skill level 1 in Poison Magic
 10598 | D:11     | Noticed a two-headed ogre
 10601 | D:11     | XOM: potion effect (curing)
 10616 | D:11     | Killed a two-headed ogre
 10616 | D:11     | Reached XP level 11. HP: 56/56 MP: 16/25
 10625 | D:11     | Noticed a four-headed hydra
 10632 | D:11     | XOM: polymorph orc priest -> gnoll
 10637 | D:11     | XOM: divine lightning
 10658 | D:10     | XOM: cast spell 'Monstrous Menagerie'
 10662 | D:10     | Killed a four-headed hydra
 10733 | D:10     | XOM: give mutations
 10733 | D:10     | Gained mutation: You have a pair of small horns on your
                  | head. [Xom's grace]
 10733 | D:10     | Gained mutation: Your spells are a little harder to cast,
                  | but a little more powerful. [Xom's grace]
 10810 | D:11     | XOM: butterfly on damage
 10812 | D:11     | XOM: blink monster(s)
 10816 | D:11     | XOM: give mutations
 10816 | D:11     | Lost mutation: You are robust. (+10% HP) [Xom's mischief]
 10816 | D:11     | Lost mutation: You have a pair of small horns on your head.
                  | [Xom's mischief]
 10816 | D:11     | Gained mutation: You are somewhat resistant to further
                  | mutation. [Xom's mischief]
 10816 | D:11     | Lost mutation: You are very agile. (Dex +4) [Xom's
                  | mischief]
 11083 | D:11     | XOM: noise
 11097 | D:11     | Noticed a soul eater
 11168 | D:11     | XOM: noise
 11275 | D:11     | Paralysed by a hornet for 3 turns
 11278 | D:11     | XOM: smoke on damage
 11279 | D:11     | HP: 2/51 [poisoned by a hornet]
 11439 | D:11     | Reached skill level 10 in Spellcasting
 11456 | D:11     | XOM: mild Tloc miscast
 11941 | D:12     | Found Otompotu's Weapon Boutique.
 11942 | D:12     | Noticed a two-headed ogre
 11956 | D:12     | Killed a two-headed ogre
 11957 | D:12     | Killed a two-headed ogre
 11957 | D:12     | Reached skill level 13 in Dodging
 11975 | D:12     | Noticed a seven-headed hydra
 11979 | D:12     | XOM: harmless Ice miscast
 11982 | D:12     | Killed a seven-headed hydra
 12089 | D:12     | XOM: enchant monster (bad)
 12143 | D:12     | Found Ippoochy's Assorted Antiques.
 12148 | D:12     | Bought a scroll of enchant weapon for 180 gold pieces
 12148 | D:12     | Bought a potion of heal wounds for 120 gold pieces
 12148 | D:12     | Bought a twisted robe for 136 gold pieces
 12148 | D:12     | Bought a scroll of identify for 48 gold pieces
 12148 | D:12     | Bought a potion of curing for 72 gold pieces
 12148 | D:12     | Bought a scroll labeled BADDEM TUAVATE for 24 gold pieces
 12148 | D:12     | Bought a scroll of identify for 48 gold pieces
 12150 | D:12     | Identified the +1 robe "Fausia" {rPois rF+ rCorr Str-2}
                  | (You bought it in a shop on level 12 of the Dungeon)
 12205 | D:12     | Found an opulent altar of Gozag.
 12221 | D:12     | XOM: 2-stop teleportation journey
 12237 | D:12     | XOM: 1-stop teleportation journey
 12330 | D:12     | XOM: give mutations
 12330 | D:12     | Gained mutation: You are frail. (-10% HP) [Xom's mischief]
 12330 | D:12     | Lost mutation: You are agile. (Dex +2) [Xom's mischief]
 12330 | D:12     | Lost mutation: You expend magic power (3 MP) to strengthen
                  | your wands. [Xom's mischief]
 12330 | D:12     | Gained mutation: Your body sometimes deteriorates upon
                  | taking damage. [Xom's mischief]
 12380 | D:12     | XOM: summons 4 hostile shadow creatures
 12412 | D:12     | XOM: silly message
 12489 | D:12     | Found Fodwyqot's Gadget Shop.
 12587 | D:12     | XOM: harmless Ice miscast
 12689 | D:13     | Noticed a five-headed hydra
 12694 | D:13     | Killed a five-headed hydra
 12760 | D:13     | Found Vypt's General Store.
 12763 | D:13     | Found Zogefrodo's Food Emporium.
 12764 | D:13     | Bought 2 scrolls of teleportation for 72 gold pieces
 12765 | D:13     | Noticed a centaur warrior
 12770 | D:13     | Noticed a centaur warrior
 12772 | D:13     | Noticed a centaur warrior
 12773 | D:13     | a centaur warrior changed into a water nymph
 12776 | D:13     | XOM: divination: magic mapping
 12865 | D:12     | XOM: cloud trail
 13020 | D:13     | XOM: confuse monster(s)
 13035 | D:13     | Shot with an arrow by a centaur warrior

Levels and vault maps discovered:
D:1:      saegor_arrival_simple_e, layout_basic, minmay_misc_feat_cross,
          minmay_pentomino_q2
D:2:      layout_loops_ring
D:3:      layout_loops_ring, kennysheep_slug_shrine, nrook_mini_vaults,
          uniq_crazy_yiuf_cottage, uniq_sigmund, uniq_natasha
D:4:      layout_basic, amethyst_overflow_temple_binary, lemuel_crystal_altar,
          ebering_ghost_gozag, minmay_misc_feat_columns, uniq_menkaure
D:5:      lemuel_ice_spiral_2, layout_rooms, first_ration, uniq_blork_the_orc
D:6:      layout_rooms, kennysheep_mini_moat
D:7:      layout_cave_pods, minmay_temple_entry_large_hall
D:8:      layout_basic
D:9:      layout_basic, kiku_gazebo_garden_becter, serial_shops,
          nicolae_shop_behind_doors, minmay_lizard_king, uniq_gastronok,
          uniq_pikel
D:10:     layout_rooms, nicolae_benzene_ring, hangedman_fish_farm,
          nicolae_qazlal_style_of_elements, uniq_maurice
D:11:     layout_basic, dpeg_oklobed_lair
D:12:     layout_basic, serial_shops, kennysheep_little_box,
          nicolae_shop_crystal, nicolae_shop_crystal, nicolae_gozag_seed_capital
D:13:     layout_rooms, david_vaults_1, serial_shops, shop, shop_statue,
          nicolae_shop_crystal

Skill      XL: |  1  2  3  4  5  6  7  8  9 10 11 |
---------------+----------------------------------+-----
Stealth        | 1 2 4 |  4.1
Dodging        | 4 5 6 7 9 11 12 13 | 13.6
Short Blades   | 4 5 6 7 8 10 | 10.3
Spellcasting   | 1 3 4 6 8 9 10 | 10.9
Translocations | 2 3 5 7 9 11 | 11.0
Armour         | 1 |  1.2
Air Magic      | 1 4 |  4.3
Poison Magic   | 1 4 |  4.7
Fighting       | |  2.4

Action                   |  1- 3 |  4- 6 |  7- 9 | 10-12 || total
-------------------------+-------+-------+-------+-------++-------
Melee: Short sword       |   137 |    83 |   438 |   512 ||  1170
       Unarmed           |       |       |       |    18 ||    18
       Headbutt          |       |       |       |     2 ||     2
Throw: Dart              |     3 |     3 |     5 |     6 ||    17
       Throwing net      |     1 |     2 |       |       ||     3
 Cast: Blink             |       |       |     1 |       ||     1
Evoke: Wand              |       |       |     2 |     8 ||    10
       Lightning rod     |       |       |       |     6 ||     6
  Use: Scroll            |     7 |     4 |    15 |    10 ||    36
       Potion            |       |       |       |     1 ||     1
 Stab: Sleeping          |     5 |     8 |     7 |    12 ||    32
       Invisible         |     2 |       |       |       ||     2
       Held in net/web   |       |     1 |       |       ||     1
       Distracted        |       |     1 |     4 |     1 ||     6
       Paralysed         |       |     1 |     6 |     6 ||    13
       Confused          |       |       |     5 |     5 ||    10
       Petrifying        |       |       |       |     3 ||     3
  Eat: Ration            |       |     1 |     4 |     3 ||     8
Armor: Robe              |    11 |     2 |     3 |       ||    16
       Acid dragon scale |       |       |    27 |    45 ||    72
       Skin              |       |       |       |     8 ||     8
Dodge: Dodged            |    97 |    59 |   324 |   450 ||   930
Block: Other             |       |       |     1 |    24 ||    25
       Reflection        |       |       |       |     4 ||     4
